 Dungeon Crawl Stone Soup version 0.23.1 (webtiles) character file.

Game seed: 11143500731197208458

73193 Borgoz the Nimble (level 15, -5/126 HPs)
             Began as a Ghoul Enchanter on Mar 2, 2019.
             Was a High Priest of Ashenzari.
             Slain by a frost giant
             ... wielding the +9 trident of Disorder {holy, rElec rC+ Dex+4}
              (32 damage)
             ... in an ice cave.
             The game lasted 00:55:28 (20498 turns).

Borgoz the Nimble (Ghoul Enchanter)                Turns: 20498, Time: 00:55:29

Health: -5/126     AC: 19    Str: 26    XL:     15   Next: 42%
Magic:  23/23      EV: 24    Int: 11    God:    Ashenzari [*****.]
Gold:   1289       SH:  0    Dex: 15    Spells: 20/26 levels left

rFire    + . .     SeeInvis +   c - +7 short sword (elec) (curse)
rCold    + + +     Gourm    .   (no shield)
rNeg     + + +     Faith    .   B - +4 ring mail {rC+}
rPois    ∞         Spirit   .   F - +2 hat {MR+}
rElec    .         Reflect  .   u - +2 cloak {MR+}
rCorr    +         Harm     .   D - +0 pair of gloves (curse)
MR       +++..     Clarity  +   H - +0 pair of boots of Neiqydathy {rC+ Regen+ rCorr}
Stlth    +++++.....             h - amulet of regeneration
HPRegen  0.00/turn              e - +3 ring of strength (curse)
MPRegen  0.18/turn              t - ring of Understanding {+Fly rPois rF+ Str+9 Dex-3}

@: agile, rotting
A: rotting body, claws 1, carnivore, cold resistance 1, negative energy
resistance 3, inhibited regeneration, torment resistance, unbreathing
a: Curse Item, Scrying, Transfer Knowledge, Renounce Religion, Evoke Flight


You were in an ice cave.
You worshipped Ashenzari.
Ashenzari was extremely pleased with you.
You were not hungry.

You visited 4 branches of the dungeon, and saw 20 of its levels.
You also visited: Gauntlet and Ice Cave.

You collected 1289 gold pieces.

Inventory:

Hand Weapons
 c - a cursed +7 short sword of electrocution (weapon)
Missiles
 k - 19 poisoned javelins
 E - 6 tomahawks (quivered)
Armour
 u - a +2 cloak of magic resistance (worn)
 w - the +1 cloak "Her Omedyir" {rF+ Stlth+}
   (You found it in a Gauntlet)

   It protects you from fire.
   It makes you more stealthy.
 B - a +4 ring mail of cold resistance (worn)
 D - a cursed +0 pair of gloves (worn)
 F - a +2 hat of magic resistance (worn)
 H - the +0 pair of boots of Neiqydathy (worn) {rC+ Regen+ rCorr}
   (You found it on level 10 of the Dungeon)

   It protects you from cold.
   It increases your rate of regeneration.
   It provides partial protection from all sources of acid and corrosion.
Jewellery
 e - a cursed +3 ring of strength (left hand)
 h - an amulet of regeneration (around neck)
 m - an uncursed ring of resist corrosion
 t - the ring of Understanding (right hand) {+Fly rPois rF+ Str+9 Dex-3}
   (You found it on level 10 of the Dungeon)

   [ring of flight]

   It affects your strength (+9).
   It affects your dexterity (-3).
   It protects you from fire.
   It protects you from poison.
   It lets you fly.
Wands
 a - a wand of polymorph (24)
 f - a wand of enslavement (12)
 r - a wand of flame (43)
 z - a wand of iceblast (13)
Scrolls
 b - a scroll of amnesia
 g - 8 scrolls of remove curse
 i - 6 scrolls of teleportation
 j - 5 scrolls of identify
 l - 2 scrolls of fear
 p - 3 scrolls of fog
 s - 3 scrolls of magic mapping
 y - a scroll of enchant weapon
Potions
 o - 5 potions of curing
 q - 8 potions of brilliance
 J - 2 potions of magic
 K - 2 potions of heal wounds
Comestibles
 d - 41 rations
 n - 39 chunks of flesh


   Skills:
 + Level 10.2 Fighting
 + Level 11.0(14.7) Short Blades
 - Level 5.0 Throwing
 + Level 8.6 Armour
 + Level 11.4 Dodging
 + Level 10.4 Stealth
 - Level 6.0 Spellcasting
 + Level 7.8 Hexes
 + Level 6.3 Evocations


You had 20 spell levels left.
You knew the following spells:

 Your Spells              Type           Power        Failure   Level  Hunger
a - Corona                Hex            ###....      1%          1    None
b - Ensorcelled Hibernat  Hex/Ice        ##....       9%          2    ##.....
c - Confuse               Hex            ###.....     3%          3    ###....

Your spell library contained the following spells:

 Spells                   Type           Power        Failure   Level  Hunger
 Tukima's Dance           Hex            ###.....     3%          3    ###....
 Cause Fear               Hex            ###.......   11%         4    ####...
 Dazzling Spray           Conj/Hex       ##....       16%         3    ###....
 Shock                    Conj/Air       #...         26%         1    None
 Sticks to Snakes         Tmut           #.......     38%         2    ##.....
 Swiftness                Chrm/Air       #.......     38%         2    ##.....
 Static Discharge         Conj/Air       #.......     63%         3    ###....
 Silence                  Hex/Air        ##........   83%         5    ######.
 Yara's Violent Unravell  Hex/Tmut       ##........   83%         5    ######.
 Airstrike                Air            #.........   95%         4    ####...
 Lightning Bolt           Conj/Air       #.........   100%        5    ######.
 Deflect Missiles         Chrm/Air       #.........   100%        6    #######
 Discord                  Hex            ###.......   100%        8    #######
 Beastly Appendage        Tmut           Unusable     N/A         1    N/A
 Spider Form              Tmut/Pois      Unusable     N/A         3    N/A
 Ice Form                 Ice/Tmut       Unusable     N/A         4    N/A
 Blade Hands              Tmut           Unusable     N/A         5    N/A

Dungeon Overview and Level Annotations

Branches:
Dungeon (12/15)            Temple (1/1) D:4            Lair (6/6) D:11
 Shoals (0/4) Lair:2       Spider (0/4) Lair:3        Slime (0/5) Lair:5
    Orc (1/2) D:9

Altars:
Ashenzari
Cheibriados
Dithmenos
Elyvilon
Fedhas
Gozag
Hepliaklqana
Kikubaaqudgha
Makhleb
Nemelex Xobeh
Okawaru
Qazlal
Ru
Sif Muna
Trog
Uskayaw
Vehumet
Wu Jian
Xom
Yredelemnul
Zin
The Shining One
Jiyva

Shops:
D:11 [

Annotations:
D:5 1 runed translucent door
Lair:5 1 runed translucent door


Innate Abilities, Weirdness & Mutations

Your body is rotting away.
You thrive on raw meat.
You are immune to poison.
You have sharp fingernails.
You are carnivorous and can eat meat at any time.
Your flesh is cold resistant. (rC+)
You are immune to negative energy. (rN+++)
You do not regenerate when monsters are visible.
You are immune to unholy pain and torment.
You can survive without breathing.


Message History

You hit the frost giant.
The frost giant is heavily wounded.
You puncture the frost giant!
The frost giant is heavily wounded.
You feel your flesh rotting away.
The frost giant hits you with the +9 trident of Disorder {holy, rElec rC+ Dex+4}!
* * * LOW HITPOINT WARNING * * *
You convulse!
* * * LOW HITPOINT WARNING * * *
The polar bear bites you!
* * * LOW HITPOINT WARNING * * *
The polar bear closely misses you. The polar bear completely misses you.
Okay, then.
Okay, then.
You feel much better. The frost giant completely misses you.
The polar bear bites you but does no damage.
The polar bear claws you but does no damage.
The polar bear completely misses you.
The frost giant hits you from afar with the +9 trident of Disorder {holy, rElec rC+ Dex+4}!!
You die...

#...###°°####....÷##.÷##≈≈##.#..#
..⌠..###○°.#....######≈≈≈####..##
#...## ###○..####≈ #≈≈≈####...#
###..# #######.(##≈≈≈≈≈≈≈##..###
#..####..####(#.##≈≈≈≈≈≈≈##..###
###..#.##..#.#.≈≈≈≈≈≈≈≈≈≈###..##
###.#####..##.#≈≈≈≈≈≈≈≈#.÷###.
### ###÷..##≈≈≈≈≈≈##...##.
###@.###≈≈≈##..##### ##÷.# ≈≈≈
###.###≈ * #hC## ≈ ##..#≈ #...##
≈ ≈≈ #...## #...h# ≈ ≈≈ ###... *
.....#* ≈≈ * ###. *,..... ***** ≈
≈ ≈≈ *## ,,.... ∆∆* * ≈ ≈ ≈ *
*,**...., , ** ≈ ≈ ≈≈


You could see a frost giant.

Vanquished Creatures
  Gastronok (D:9)
  A minotaur (Gauntlet)
  8 hydras
  3 catoblepae (Lair:6)
  10 death yaks
  Sonja (Lair:1)
  A lindwurm (Lair:6)
  5 oklob plants
  A deep elf mage (D:10)
  A cyclops (D:11)
  3 manticores
  9 black mambas
  An ice statue (IceCv)
  Joseph (D:9)
  11 spiny frogs
  A smoke demon (Gauntlet)
  10 komodo dragons
  A red devil (Gauntlet)
  6 rime drakes
  11 polar bears
  A troll (D:9)
  A hornet (D:11)
  6 slime creatures
  Prince Ribbit (D:9)
  8 blink frogs
  12 hippogriffs
  3 wyverns
  8 shadows (Gauntlet)
  Grum (D:11)
  A hungry ghost (D:9)
  59 yaks
  Edmund (D:4)
  A warg (D:9)
  3 basilisks
  4 soldier ants (D:5)
  15 water moccasins
  Duvessa (D:5)
  9 porcupines
  4 sky beasts
  2 orc warriors
  10 ice beasts
  A black bear (D:8)
  4 phantoms
  A necrophage (D:10)
  4 ogres
  3 centaurs
  29 wolves
  7 crocodiles
  16 bullfrogs
  Dowan (D:5)
  13 killer bees
  2 scorpions
  3 wights (D:8)
  3 howler monkeys
  7 electric eels
  15 crimson imps
  3 bullfrog zombies
  A quasit (D:12)
  5 jellies
  2 centaur zombies
  4 centaur skeletons
  4 hounds
  3 bullfrog skeletons
  8 orc priests
  Ijyb (D:5)
  Jessica (D:2)
  2 iguanas
  10 orc wizards
  15 worker ants
  A bullfrog simulacrum (D:11)
  A hound zombie (D:6)
  4 hound skeletons
  A worker ant zombie (D:5)
  A howler monkey skeleton (D:4)
  A howler monkey zombie (D:9)
  11 adders
  4 gnolls (D:3)
  5 shadow imps
  4 white imps
  A worker ant simulacrum (D:11)
  An ufetubus (D:11)
  6 oozes
  An adder skeleton (D:5)
  An adder zombie (D:9)
  3 worms
  A dart slug (D:4)
  5 leopard geckos
  50 orcs
  6 bats
  2 giant cockroaches
  10 goblins
  5 hobgoblins
  6 jackals
  7 quokkas
  6 frilled lizards
  6 kobolds
  A quokka zombie (D:9)
  6 rats
  3 plants
565 creatures vanquished.

Vanquished Creatures (others)
  A bullfrog (Lair:1)
  4 fungi
  15 plants
20 creatures vanquished.

Grand Total: 585 creatures vanquished

Notes
Turn   | Place    | Note
-------+----------+-------------------------------------------
     0 | D:1      | Borgoz the Ghoul Enchanter began the quest for the Orb.
     0 | D:1      | Reached XP level 1. HP: 14/14 MP: 2/2
    27 | D:1      | Reached skill level 1 in Short Blades
   153 | D:1      | Reached XP level 2. HP: 16/22 MP: 3/3
   890 | D:1      | Reached skill level 1 in Fighting
   978 | D:1      | Found a glowing golden altar of the Shining One.
  1287 | D:2      | Noticed Jessica
  1307 | D:2      | Killed Jessica
  1307 | D:2      | Reached skill level 1 in Armour
  1307 | D:2      | Reached XP level 3. HP: 27/28 MP: 2/4
  1465 | D:2      | Reached XP level 4. HP: 35/35 MP: 5/5
  1660 | D:2      | Found a radiant altar of Vehumet.
  1681 | D:2      | Found an ancient bone altar of Kikubaaqudgha.
  1682 | D:2      | Found a deep blue altar of Sif Muna.
  1685 | D:2      | Identified Sif Muna's Guide on Shape Shifting
  1845 | D:2      | Learned a level 2 spell: Ensorcelled Hibernation
  1938 | D:2      | Learned a level 3 spell: Confuse
  2091 | D:3      | You fall through a shaft for 2 floors!
  2091 | D:5      | Entered Level 5 of the Dungeon
  2093 | D:5      | Found a basalt altar of Yredelemnul.
  2110 | D:5      | Reached XP level 5. HP: 29/40 MP: 6/6
  2223 | D:4      | Reached XP level 6. HP: 45/50 MP: 7/7
  2359 | D:3      | Found a white marble altar of Elyvilon.
  2517 | D:3      | Noticed an ice beast
  2524 | D:3      | Killed an ice beast
  2977 | D:3      | Found a faded altar of an unknown god.
  3162 | D:4      | Noticed a phantom
  3170 | D:4      | Killed a phantom
  3170 | D:4      | Reached XP level 7. HP: 40/57 MP: 8/8
  3256 | D:4      | Found a staircase to the Ecumenical Temple.
  3267 | Temple   | Entered the Ecumenical Temple
  3494 | D:4      | Noticed Edmund
  3512 | D:4      | Killed Edmund
  3841 | D:5      | Noticed Duvessa
  3841 | D:5      | Noticed Dowan
  3853 | D:5      | Killed Duvessa
  3853 | D:5      | Reached XP level 8. HP: 54/65 MP: 10/10
  3873 | D:5      | Killed Dowan
  3983 | D:5      | Found an opulent altar of Gozag.
  4361 | D:5      | Found the +9 staff of Olgreb {rPois}
  4377 | D:5      | Noticed Ijyb
  4389 | D:5      | Reached skill level 5 in Short Blades
  4391 | D:5      | Killed Ijyb
  4479 | D:5      | Found a runed translucent door.
  4480 | D:5      | Found a runed translucent gate.
  4483 | D:5      | Found a runed translucent gate.
  4720 | D:5      | Found a runed translucent gate.
  4722 | D:5      | Found a runed translucent door.
  4851 | D:6      | Reached XP level 9. HP: 65/72 MP: 12/12
  4899 | D:6      | Reached skill level 5 in Dodging
  4963 | D:6      | Found a sacrificial altar of Ru.
  5110 | D:6      | Reached skill level 1 in Throwing
  5519 | D:7      | Reached skill level 5 in Stealth
  6126 | D:7      | Reached skill level 5 in Fighting
  6772 | D:8      | Found a shattered altar of Ashenzari.
  6773 | D:8      | Found a hide-covered altar of Uskayaw.
  6800 | D:8      | Became a worshipper of Ashenzari the Shackled
  7083 | D:8      | Reached XP level 10. HP: 59/81 MP: 14/14
  8164 | D:9      | Noticed Prince Ribbit
  8577 | D:9      | Reached skill level 5 in Armour
  8625 | D:9      | Found a staircase to the Orcish Mines.
  8629 | D:9      | Noticed Joseph
  8647 | D:9      | Killed Joseph
  8647 | D:9      | Reached skill level 1 in Evocations
  8802 | D:9      | Killed Prince Ribbit
  8847 | D:9      | Noticed Gastronok
  8863 | D:9      | Killed Gastronok
  8863 | D:9      | Reached XP level 11. HP: 60/89 MP: 16/16
  9099 | D:10     | Entered Level 10 of the Dungeon
  9165 | D:10     | Reached * piety under Ashenzari
  9313 | D:10     | Got the uncursed pair of boots of Neiqydathy {rC+ Regen+
                  | rCorr}
  9350 | D:10     | Identified the +0 pair of boots of Neiqydathy {rC+ Regen+
                  | rCorr} (You found it on level 10 of the Dungeon)
  9486 | D:10     | Noticed a deep elf mage
  9492 | D:10     | Identified the ring of Understanding {+Fly rPois rF+ Str+9
                  | Dex-3}
  9739 | Orc:1    | Entered Level 1 of the Orcish Mines
 10443 | D:10     | Killed a deep elf mage
 10801 | D:11     | Noticed a death yak
 10804 | D:11     | Noticed Grum
 10834 | D:10     | Reached skill level 5 in Spellcasting
 10834 | D:10     | Reached skill level 5 in Hexes
 10834 | D:10     | Reached XP level 12. HP: 33/97 MP: 16/18
 10905 | D:10     | Killed a death yak
 11008 | D:11     | Killed Grum
 11232 | D:11     | Found Jirodot's Armour Emporium.
 11261 | D:11     | Found a staircase to the Lair.
 11264 | D:11     | Reached ** piety under Ashenzari
 11300 | Lair:1   | Entered Level 1 of the Lair of Beasts
 11563 | Lair:1   | Noticed Sonja
 11591 | Lair:1   | Reached XP level 13. HP: 69/107 MP: 20/20
 12104 | Lair:1   | Killed Sonja
 12365 | Lair:2   | Found a gate leading to a gauntlet.
 12376 | Gauntlet | Entered a Gauntlet
 12376 | Gauntlet | Found a transporter.
 12388 | Gauntlet | Found a transporter.
 12402 | Gauntlet | Found a transporter.
 12407 | Gauntlet | Found a transporter.
 12427 | Gauntlet | Found a transporter.
 12429 | Gauntlet | Identified the ring "Jealeaza" {+Blink rPois rC+++ Int-5
                  | Stlth-}
 12440 | Gauntlet | Identified the ring "Nuekhlos" {rF++ Int-3 Dex+2}
 12441 | Gauntlet | Found a transporter.
 12441 | Gauntlet | Noticed a blizzard demon
 12453 | Gauntlet | Found a transporter.
 12472 | Gauntlet | Found a transporter.
 12480 | Gauntlet | Noticed a minotaur
 12484 | Gauntlet | Found a transporter.
 12500 | Gauntlet | Reached *** piety under Ashenzari
 12503 | Gauntlet | Found a transporter.
 12527 | Gauntlet | Found a transporter.
 12544 | Gauntlet | Found a transporter.
 12546 | Gauntlet | Found a transporter.
 12571 | Gauntlet | Found a transporter.
 12573 | Gauntlet | Found a transporter.
 12593 | Gauntlet | Found a transporter.
 12625 | Gauntlet | Found a transporter.
 12625 | Gauntlet | Found a transporter.
 12795 | Gauntlet | Got the uncursed cloak "Her Omedyir" {rF+ Stlth+}
 12838 | Gauntlet | Killed a minotaur
 12898 | Gauntlet | Got the uncursed cloak "Pilew" {Str+3}
 13053 | Lair:2   | Found a staircase to the Shoals.
 13900 | D:11     | Reached skill level 10 in Short Blades
 13900 | D:11     | Reached skill level 5 in Throwing
 13972 | D:11     | Found a stormy altar of Qazlal.
 14495 | Lair:1   | Identified the +2 cloak "Pilew" {Str+3} (You found it in a
                  | Gauntlet)
 14541 | Lair:1   | Identified the +1 cloak "Her Omedyir" {rF+ Stlth+} (You
                  | found it in a Gauntlet)
 14585 | Lair:3   | Found a hole to the Spider Nest.
 14660 | Lair:3   | Reached skill level 10 in Dodging
 14696 | Lair:3   | Reached **** piety under Ashenzari
 14981 | Lair:3   | Identified the +6 whip "Durom" {pain, +Blink Int+4}
 15124 | Lair:3   | Reached XP level 14. HP: 110/116 MP: 22/22
 16566 | Lair:5   | Found a runed translucent door.
 16566 | Lair:5   | Found a viscous altar of Jiyva.
 16566 | Lair:5   | Found a staircase to the Slime Pits.
 16566 | Lair:5   | Noticed an acid blob
 16766 | Lair:5   | Found a hide-covered altar of Uskayaw.
 16850 | Lair:5   | Reached ***** piety under Ashenzari
 17303 | Lair:6   | Entered Level 6 of the Lair of Beasts
 17514 | Lair:5   | Reached skill level 5 in Evocations
 18528 | Lair:6   | Noticed a reaper
 19017 | Lair:6   | Reached XP level 15. HP: 117/126 MP: 23/23
 19353 | Lair:6   | Reached skill level 10 in Stealth
 19570 | Lair:1   | Identified a scroll of acquirement
 19760 | D:12     | Found a frozen archway.
 19796 | IceCv    | Entered an ice cave
 19807 | IceCv    | Reached skill level 10 in Fighting
 20401 | IceCv    | Noticed a frost giant
 20475 | IceCv    | Identified the +9 trident of Disorder {holy, rElec rC+
                  | Dex+4}
 20496 | IceCv    | HP: 3/125 [polar bear (8)]
 20498 | IceCv    | Slain by a frost giant

Skill      XL: |  1  2  3  4  5  6  7  8  9 10 11 12 13 14 15 |
---------------+----------------------------------------------+-----
Short Blades   | 1 2 3 4 5 6 7 8 9 10 11 | 11.0
Dodging        | 2 3 4 6 7 8 9 10 11 | 11.4
Fighting       | 1 2 3 4 5 6 7 8 9 10 | 10.2
Armour         | 1 2 3 4 5 6 7 8 |  8.6
Spellcasting   | 2 3 4 5 6 |  6.0
Stealth        | 4 5 6 7 8 9 10 | 10.4
Hexes          | 3 4 5 6 7 |  7.8
Throwing       | 2 3 4 5 |  5.0
Evocations     | 1 2 4 5 6 |  6.3

Action                   |  1- 3 |  4- 6 |  7- 9 | 10-12 | 13-15 || total
-------------------------+-------+-------+-------+-------+-------++-------
Melee: Dagger            |    89 |       |       |       |       ||    89
       Short sword       |    10 |   184 |   428 |   617 |  1366 ||  2605
Throw: Tomahawk          |       |       |       |       |     3 ||     3
 Cast: Corona            |     2 |       |       |       |       ||     2
       Confuse           |       |       |       |       |     5 ||     5
       Ensorcelled Hiber |       |       |       |       |     2 ||     2
Invok: Curse Item        |       |       |       |     3 |       ||     3
Evoke: Wand              |       |       |       |    12 |     5 ||    17
  Use: Scroll            |       |     2 |    10 |     5 |    15 ||    32
       Potion            |       |     2 |     2 |     9 |     7 ||    20
 Stab: Sleeping          |     3 |     2 |    10 |     8 |    13 ||    36
       Distracted        |       |       |       |       |     3 ||     3
  Eat: Chunk             |    10 |    12 |    25 |    51 |    84 ||   182
Armor: Robe              |     2 |       |       |       |       ||     2
       Ring mail         |    20 |    51 |   119 |   197 |   406 ||   793
Dodge: Dodged            |    57 |    63 |   204 |   361 |   644 ||  1329
